AoeStats
← NPG | Shimishi Maki

MegaRandom

508775751Analyzed
4v4 RM · 8d ago on Sep 24, 2026· 65m 58s· 8 players
Game mode
Random Map
Map size
Large (8 player)
Population
200
Speed
Normal
Resources
Standard
Victory
Conquest
Starting age
Dark Age
Ending age
Imperial Age
RankedLock teamsTeams togetherTeam positionsShared explorationLock speedFull tech treeHidden civsTurbo modeCheats
Victory
Defeat
1658
+9
🇺🇸 Mongols · United States
1560
+13
🇨🇱 Varangians · Chile
1552
+13
🇨🇱 Japanese · Chile
1477
+15
🇲🇽 Mongols · Mexico
1530
-14
🇧🇷 Teutons · Brazil
1490
-13
🇧🇷 Danes · Brazil
1480
-12
🇨🇳 Saracens · China
1443
-11
[SotC ]Risck
9:56 Loom
13:09 Feudal Age
16:57 Castle Age
15:42 Double-Bit Axe
16:55 Fletching
18:17 Horse Collar
19:04 Bow Saw
22:24 Wheelbarrow
21:36 Town Watch
24:46 Bodkin Arrow
24:52 Padded Archer Armor
26:46 Leather Archer Armor
28:11 Ballistics
30:51 Imperial Age
30:09 Bloodlines
31:35 Bracer
32:37 Chemistry
34:56 Hoardings
39:01 Gold Mining
39:01 Stone Mining
40:54 Parthian Tactics
40:34 Thumb Ring
43:35 Elite Mangudai
44:46 Murder Holes
45:01 Masonry
46:33 Light Cavalry
47:14 Husbandry
47:24 Scale Barding Armor
47:30 Forging
48:02 Hand Cart
49:33 Iron Casting
57:40 Chain Barding Armor
Tylenol
13:32 Feudal Age
17:55 Castle Age
18:15 Gold Mining
18:23 Double-Bit Axe
18:20 Horse Collar
21:12 Wheelbarrow
21:25 Bow Saw
23:27 Fervor
23:53 Scale Barding Armor
25:33 Loom
26:04 Hand Cart
27:40 Bloodlines
28:05 Heavy Plow
28:47 Chain Barding Armor
29:19 Town Watch
30:55 Forging
30:49 Stone Mining
31:01 Fletching
32:06 Bodkin Arrow
33:35 Stone Shaft Mining
37:13 Imperial Age
35:26 Ballistics
35:18 Guard Tower
36:13 Iron Casting
35:56 Medium Warships
38:34 Plate Barding Armor
37:20 Cavalier
39:01 Blast Furnace
39:37 Two-Man Saw
39:08 Crop Rotation
39:37 Stone Shaft Mining
39:10 Arrowslits
41:13 Keep
40:49 Masonry
42:13 Chemistry
43:45 Redemption
45:21 Scale Mail Armor
45:29 Siege Engineers
45:41 Squires
45:33 Pikeman
46:31 Chain Mail Armor
46:31 Halberdier
47:53 Plate Mail Armor
49:24 Paladin
51:22 Arson
60:23 Town Patrol
Paradigma
7:00 Loom
15:23 Feudal Age
15:28 Man-at-Arms
15:56 Arson
15:59 Double-Bit Axe
19:14 Forging
27:06 Castle Age
26:14 Gold Mining
26:57 Scale Barding Armor
26:56 Scale Mail Armor
28:08 Pikeman
37:37 Wheelbarrow
40:02 Bow Saw
40:14 Squires
43:31 Hand Cart
43:49 Chain Mail Armor
47:12 Imperial Age
48:58 Imperial Age
48:58 Halberdier
50:33 Onager
54:29 Plate Mail Armor
55:58 Siege Onager
zbtl458613
6:02 Loom
12:43 Feudal Age
13:19 Double-Bit Axe
15:22 Fletching
24:40 Castle Age
26:49 Wheelbarrow
25:39 Crossbowman
30:39 Fishing Lines
42:00 Gillnets
44:30 Wheelbarrow
44:01 Elite Skirmisher
44:47 Thumb Ring
52:27 Imperial Age
50:13 Hand Cart
53:34 Arbalester
56:34 Bodkin Arrow
56:40 Padded Archer Armor
57:30 Caravan
58:03 Coinage
59:48 Ballistics
60:28 Chemistry
62:28 Bracer
62:44 Leather Archer Armor
The Quadfather
11:56 Feudal Age
13:30 Loom
16:21 Castle Age
15:26 Double-Bit Axe
15:40 Stone Mining
16:12 Horse Collar
17:59 Bow Saw
19:03 Wheelbarrow
22:02 Fletching
26:56 Bodkin Arrow
27:42 Heavy Plow
29:47 Hand Cart
30:23 Town Watch
32:32 Husbandry
33:26 Ballistics
37:02 Imperial Age
35:05 Thumb Ring
35:47 Padded Archer Armor
35:59 Bloodlines
37:56 Bracer
39:36 Chemistry
40:04 Leather Archer Armor
40:22 Scale Barding Armor
39:53 Light Cavalry
41:25 Hussar
42:40 Conscription
42:40 Forging
43:17 Chain Barding Armor
44:12 Iron Casting
45:54 Elite Mangudai
52:26 Capped Ram
54:25 Drill
54:02 Siege Ram
56:19 Parthian Tactics
57:43 Siege Engineers
59:11 Onager
NPG | DR@CA
10:55 Loom
14:26 Feudal Age
14:29 Man-at-Arms
14:55 Arson
18:55 Castle Age
16:51 Gold Mining
17:09 Horse Collar
17:57 Double-Bit Axe
22:37 Fletching
25:56 Padded Archer Armor
27:08 Bodkin Arrow
28:41 Town Watch
30:48 Bloodlines
32:31 Leather Archer Armor
32:56 Wheelbarrow
47:47 Imperial Age
46:07 Pikeman
47:33 Scale Mail Armor
47:35 Squires
48:12 Gambesons
49:51 Forging
50:22 Halberdier
51:19 Chain Mail Armor
51:32 Heavy Plow
52:32 Plate Mail Armor
53:17 Hand Cart
53:37 Bow Saw
55:10 Iron Casting
54:40 Stone Mining
55:26 Gold Shaft Mining
55:44 Bracer
55:26 Capped Ram
57:27 Blast Furnace
57:12 Treadmill Crane
58:07 Conscription
59:39 Ballistics
60:21 Chemistry
61:12 Ring Archer Armor
61:00 Caravan
63:07 Hoardings
63:20 Long Swordsman
64:26 Two-Handed Swordsman
BrøweN
14:04 Feudal Age
12:56 Loom
17:39 Castle Age
30:16 Horse Collar
30:26 Double-Bit Axe
31:06 Scale Barding Armor
37:02 Imperial Age
37:41 Chain Barding Armor
38:02 Wheelbarrow
38:19 Conscription
39:27 Plate Barding Armor
40:24 Forging
42:01 Hand Cart
42:43 Husbandry
42:53 Bloodlines
42:10 Light Cavalry
44:45 Iron Casting
44:13 Hussar
47:13 Heavy Plow
48:24 Fletching
49:40 Blast Furnace
49:24 Elite Jarl
62:32 Fletching
65:38 Caravan
NPG | Shimishi Maki
12:40 Loom
14:56 Feudal Age
15:51 Town Watch
15:58 Fishing Lines
16:07 Double-Bit Axe
18:35 Castle Age
16:42 Stone Mining
24:56 Horse Collar
27:19 Gillnets
29:57 Wheelbarrow
34:30 Imperial Age
32:05 Gold Mining
32:43 Scale Barding Armor
33:43 Hand Cart
33:52 Chain Barding Armor
33:56 Devotion
34:12 Forging
34:56 Bloodlines
34:47 Husbandry
36:05 Plate Barding Armor
35:26 Elite Leitis
37:26 Iron Casting
36:59 Caravan
37:27 Heavy Plow
39:21 Conscription
39:54 Fletching
41:59 Bow Saw
42:20 Crop Rotation
42:45 Coinage
42:19 Treadmill Crane
43:03 Ballistics
43:55 Hoardings
43:31 Masonry
44:21 Chemistry
43:18 Bodkin Arrow
45:19 Banking
45:32 Bracer
44:56 Light Cavalry
48:45 Winged Hussar
52:14 Two-Man Saw
55:14 Padded Archer Armor
55:21 Cavalier
57:16 Thumb Ring
56:31 Elite Skirmisher
57:27 Leather Archer Armor
57:37 Tower Shields
57:41 Hill Forts
57:50 Paladin
59:37 Ring Archer Armor
61:25 Architecture
Connection lost

Rejoining the realm…

Still unreachable

The connection could not be restored.

Session expired

The server has moved on; the page needs a fresh start.